 Dungeon Crawl Stone Soup version 0.17.0-28-g6e173f8 (webtiles) character file.

5142 septik the Basher (level 10, -6/58 HPs)
             Began as a Gargoyle Gladiator on Nov 25, 2015.
             Was an Elder of Okawaru.
             Killed from afar by a gargoyle (26 damage)
             ... with a stone arrow
             ... on level 10 of the Dungeon.
             The game lasted 00:15:50 (6919 turns).

septik the Basher (Gargoyle Gladiator)              Turns: 6919, Time: 00:15:50

Health: -6/58      AC: 22    Str: 25    XL:     10   Next: 58%
Magic:  10/10      EV:  8    Int:  8    God:    Okawaru [****..]
Gold:   329        SH:  0    Dex: 13    Spells: 0 memorised, 9 levels left

rFire  . . .     SeeInvis .     u - +0 whip (elec)
rCold  . . .     Clarity  .     h - +0 plate armour
rNeg   + + .     SustAt   .     (no shield)
rPois  ∞         Gourm    .     I - +0 hat of Pantheism {-Cast +Inv +Fly Regen+}
rElec  +         Spirit   .     (no cloak)
rCorr  .         Warding  +     w - +1 pair of gloves
rMut   .         Stasis   .     v - +0 pair of boots
MR     .....     NoCast   +     V - amulet of warding
Stlth  ..........               t - ring of stealth
                                r - +5 ring of strength

@: not resistant to hostile enchantments, extremely unstealthy
A: negative energy resistance 1, electricity resistance, unbreathing,
petrification resistance, rot immunity, AC +7
a: Heroism, Renounce Religion, Evoke Invisibility, Evoke Flight


You were on level 10 of the Dungeon.
You worshipped Okawaru.
Okawaru was greatly pleased with you.
You were not hungry.

You visited 2 branches of the dungeon, and saw 11 of its levels.

You collected 470 gold pieces.
You spent 141 gold pieces at shops.

Inventory:

Hand Weapons
 a - a +0 quarterstaff
 u - a +0 whip of electrocution (weapon)
 S - a +3 whip
 U - a +0 whip of freezing
Missiles
 i - 247 stones (quivered)
Armour
 b - a +0 leather armour
 c - a +0 helmet
 h - a +0 plate armour (worn)
 o - a +0 helmet
 v - a +0 pair of boots (worn)
 w - a +1 pair of gloves (worn)
 x - a +0 large shield
 I - the +0 hat of Pantheism (worn) {-Cast +Inv +Fly Regen+}
   (You bought it in a shop on level 6 of the Dungeon)

   It lets you turn invisible.
   It lets you fly.
   It prevents spellcasting.
   It increases your rate of regeneration.
Jewellery
 q - an uncursed ring of fire
 r - a +5 ring of strength (left hand)
 t - a ring of stealth (right hand)
 G - an uncursed ring of magical power
 V - an amulet of warding (around neck)
Wands
 E - a wand of fireball (8)
 O - a wand of magic darts (15)
Scrolls
 d - a scroll of fear {unknown}
 f - 5 scrolls of teleportation
 g - a scroll of fog
 j - a scroll of magic mapping
 k - a scroll of remove curse
 p - 9 scrolls of identify
 y - a scroll of immolation {unknown}
 B - a scroll of holy word {unknown}
 C - a scroll of vulnerability {unknown}
 F - a scroll of recharging {unknown}
 L - a scroll of blinking
Potions
 m - 5 potions of flight
 n - a potion of cancellation {unknown}
 z - 4 potions of curing {unknown}
 A - a potion of magic {unknown}
 D - a potion of lignification {unknown}
 H - a potion of brilliance {unknown}
 J - a potion of haste {unknown}
 K - a potion of heal wounds {unknown}
 M - 2 potions of beneficial mutation {unknown}
 P - 2 potions of poison {unknown}
 Q - a potion of ambrosia {unknown}
Books
 T - a book of Transfigurations

   Spells                             Type                      Level
   a - Stoneskin                      Transmutation/Earth          2
   b - Irradiate                      Conjuration/Transmutation    5
   c - Statue Form                    Transmutation/Earth          6
   d - Hydra Form                     Transmutation                6
   e - Dragon Form                    Transmutation                7
Miscellaneous
 W - a lamp of fire
Comestibles
 e - 7 bread rations
 l - 2 beef jerkies
 s - 3 meat rations
 N - 24 fruits
 R - a chunk of flesh


   Skills:
 + Level 4.8 Fighting
 - Level 12.6(13.1) Maces & Flails
 - Level 5.8(10.1) Staves
 - Level 1.7 Throwing
 + Level 4.2 Armour
 - Level 3.0 Dodging
 - Level 1.2 Shields


You had 9 spell levels left.
You didn't know any spells.

Dungeon Overview and Level Annotations

Branches:
Dungeon (10/15)            Temple (1/1) D:6
   Lair: D:8-11         Orc: D:9-12

Altars:
Ashenzari
Cheibriados
Dithmenos
Elyvilon
Fedhas
Gozag
Kikubaaqudgha
Makhleb
Nemelex Xobeh
Okawaru
Qazlal
Ru
Sif Muna
Trog
Vehumet
Xom
Yredelemnul
Zin

Shops:
D:6 [

Annotations:
D:3 septik's ghost, amateur GrGl


Innate Abilities, Weirdness & Mutations

You are resistant to torment.
Your stone body is resilient (AC +7).
You are immune to poison.
You resist negative energy.
You are resistant to electric shocks.
You can survive without breathing.
You are immune to petrification.
You are immune to rotting.


Message History

The gargoyle burns you.
You hit the gargoyle but do no damage. The troll bites you.
The troll barely misses you. The troll closely misses you.
You hit the gargoyle but do no damage. You hit the gargoyle.
The gargoyle is moderately damaged.
The gargoyle barely misses you. The troll barely misses you.
The troll claws you but does no damage. The troll claws you.
You hit the gargoyle.
The gargoyle is moderately damaged.
You hit the gargoyle but do no damage.
The gargoyle is moderately damaged.
The troll bites you. The troll claws you.
The troll claws you but does no damage.
The gargoyle hurls a stone arrow at you.
The stone arrow hits you!
* * * LOW HITPOINT WARNING * * *
The gargoyle hurls a stone arrow at you.
The stone arrow hits you!
You die...

..............#.....# ##...
?.................... #....
#................#...
##...##....................###
#...........................##
.............)..............#.
..............................
..........9...................
....>......T.@........#.......
..............?...............
.....<%.......................
.#................##..........
..............................
..............................
..............................
............................(.
............................


You could see a troll and a gargoyle.

Vanquished Creatures
  A hill giant (D:10)
  Pikel (D:9)
  A centaur zombie (D:10)
  The ghost of SaintRoka the Chopper, an amateur DDTm (D:6)
  Prince Ribbit (D:7)
  A water moccasin (D:9)
  An orc warrior (D:10)
  2 ogres
  A phantom (D:10)
  2 sky beasts (D:8)
  A necrophage (D:8)
  3 centaurs
  2 big kobolds (D:8)
  A giant frog (D:6)
  2 wyvern skeletons
  2 scorpions
  A water moccasin skeleton (D:7)
  10 wights (D:6)
  3 killer bees (D:8)
  6 crimson imps
  15 orc wizards
  A quasit (D:6)
  7 hounds
  A giant frog skeleton (D:7)
  5 orc priests
  An iguana (D:6)
  5 worker ants
  2 hound skeletons
  3 gnolls (D:4)
  9 adders
  A shadow imp (D:5)
  An ooze (D:2)
  2 adder skeletons
  3 adder zombies
  2 worms
  3 giant geckos
  46 orcs
  2 ball pythons
  5 giant cockroaches
  2 gnoll zombies (D:9)
  8 hobgoblins
  10 jackals
  8 bats
  A giant gecko skeleton (D:6)
  6 giant newts
  5 goblins
  A jackal zombie (D:5)
  12 kobolds
  5 rats (D:2)
215 creatures vanquished.

Vanquished Creatures (others)
  A hungry ghost (D:9)
  An orc (D:9)
  A quokka (D:9)
3 creatures vanquished.

Grand Total: 218 creatures vanquished

Notes
Turn   | Place    | Note
--------------------------------------------------------------
     0 | D:1      | septik the Gargoyle Gladiator began the quest for the Orb.
     0 | D:1      | Reached XP level 1. HP: 12/12 MP: 1/1
   158 | D:1      | Reached XP level 2. HP: 17/17 MP: 2/2
   593 | D:2      | Reached skill level 4 in Staves
   593 | D:2      | Reached XP level 3. HP: 18/21 MP: 3/3
   900 | D:2      | Found a burning altar of Makhleb.
   904 | D:2      | Found a glowing silver altar of Zin.
   904 | D:2      | Noticed an angel
   905 | D:2      | Noticed an Executioner
   915 | D:2      | Found a radiant altar of Vehumet.
  1001 | D:2      | Reached XP level 4. HP: 24/26 MP: 4/4
  1399 | D:3      | Reached skill level 5 in Staves
  1738 | D:3      | Noticed septik's ghost (amateur GrGl)
  1805 | D:4      | Reached XP level 5. HP: 5/30 MP: 5/5
  2030 | D:4      | Found a stormy altar of Qazlal.
  2035 | D:4      | Reached skill level 1 in Maces & Flails
  2037 | D:4      | Noticed a water elemental
  2052 | D:4      | Noticed an air elemental
  2056 | D:4      | Noticed a fire elemental
  2343 | D:4      | Reached XP level 6. HP: 35/35 MP: 6/6
  2448 | D:4      | Noticed an ogre
  2461 | D:4      | Killed an ogre
  2518 | D:4      | Noticed an earth elemental
  2684 | D:5      | Entered Level 5 of the Dungeon
  2750 | D:5      | Reached XP level 7. HP: 40/40 MP: 7/7
  2768 | D:5      | Reached skill level 5 in Maces & Flails
  3111 | D:5      | Reached skill level 6 in Maces & Flails
  3600 | D:6      | Reached skill level 7 in Maces & Flails
  3600 | D:6      | Reached XP level 8. HP: 30/44 MP: 8/8
  3835 | D:6      | Found a shattered altar of Ashenzari.
  3863 | D:6      | Found a staircase to the Ecumenical Temple.
  3872 | Temple   | Entered the Ecumenical Temple
  4076 | D:6      | Noticed SaintRoka's ghost (amateur DDTm)
  4116 | D:6      | Reached skill level 8 in Maces & Flails
  4233 | D:6      | Found an iron altar of Okawaru.
  4236 | D:6      | Became a worshipper of Warmaster Okawaru
  4296 | D:6      | Killed SaintRoka's ghost
  4296 | D:6      | Reached skill level 9 in Maces & Flails
  4324 | D:6      | Found Syapp's Armour Emporium.
  4335 | D:6      | Bought the cursed +0 hat of Pantheism {-Cast +Inv +Fly Regen+} for 141 gold pieces
  4376 | D:6      | Reached * piety under Okawaru
  4488 | D:6      | Reached XP level 9. HP: 48/48 MP: 9/9
  4530 | D:6      | Reached skill level 10 in Maces & Flails
  4601 | D:7      | Noticed Prince Ribbit
  4620 | D:7      | Killed Prince Ribbit
  4625 | D:7      | Found a shadowy altar of Dithmenos.
  4629 | D:7      | You fall through a shaft!
  4629 | D:8      | Found a white marble altar of Elyvilon.
  4986 | D:7      | Reached ** piety under Okawaru
  5156 | D:7      | Reached skill level 11 in Maces & Flails
  5910 | D:8      | Reached skill level 12 in Maces & Flails
  6028 | D:9      | Reached *** piety under Okawaru
  6162 | D:9      | Reached XP level 10. HP: 53/53 MP: 10/10
  6241 | D:9      | Found an ancient bone altar of Kikubaaqudgha.
  6308 | D:9      | Noticed Pikel
  6339 | D:9      | Killed Pikel
  6339 | D:9      | Reached skill level 1 in Armour
  6339 | D:9      | Reached skill level 1 in Shields
  6567 | D:9      | Found a basalt altar of Yredelemnul.
  6607 | D:10     | Entered Level 10 of the Dungeon
  6696 | D:10     | Reached **** piety under Okawaru
  6815 | D:10     | Noticed a hill giant
  6827 | D:10     | Killed a hill giant
  6919 | D:10     | Killed from afar by a gargoyle

Action                   |  1- 3 |  4- 6 |  7- 9 | 10-12 || total
-------------------------+-------+-------+-------+-------++-------
Melee: Quarterstaff      |    95 |    77 |       |       ||   172
       Whip              |       |   105 |   553 |   193 ||   851
Throw: Throwing net      |     2 |     3 |       |       ||     5
Invok: Heroism           |       |       |     1 |       ||     1
  Use: Scroll            |       |       |    10 |       ||    10
 Stab: Held in net/web   |       |     1 |       |       ||     1
  Eat: Chunk             |       |     6 |    12 |     2 ||    20
